 Dungeon Crawl Stone Soup version 0.28.0-53-g5a82cb258f (webtiles) character file.

Game seed: 2273831556442336965

7230 mcbry74 the Spear-Bearer (level 11, -6/81 HPs)
             Began as a Merfolk Gladiator on July 4, 2022.
             Was an Elder of Okawaru.
             Mangled by Erica
             ... wielding a +4 scimitar of flaming
              (14 damage)
             ... on level 10 of the Dungeon.
             The game lasted 00:46:49 (12072 turns).

mcbry74 the Spear-Bearer (Merfolk Gladiator)       Turns: 12072, Time: 00:46:49

Health: -6/81      AC:  9    Str: 16    XL:     11   Next: 12%
Magic:  10/14      EV: 14    Int: 11    God:    Okawaru [****..]
Gold:   526        SH:  0    Dex: 15    Spells: 10/10 levels left

rFire   . . .      SeeInvis .   a - +3 trident
rCold   . . .      Faith    .   t - +1 kite shield
rNeg    . . .      Spirit   .   z - +0 troll leather armour
rPois   .          Reflect  +   v - +2 helmet
rElec   .          Harm     .   g - +1 cloak
rCorr   .          Rampage  .   (no gloves)
Will    .....                   (no boots)
Stlth   +.........              B - amulet of reflection
HPRegen 1.03/turn               (no ring)
MPRegen 0.14/turn               (no ring)

@: confused, finesse-ful
A: (nimble swimmer 2), mertail
a: Renounce Religion, Heroism, Finesse


You were on level 10 of the Dungeon.
You worshipped Okawaru.
Okawaru was greatly pleased with you.
You visited 2 branches of the dungeon, and saw 11 of its levels.
You also visited: Ossuary.

You collected 526 gold pieces.

Inventory:

Hand Weapons
 a - a +3 trident (weapon)
 e - a +4 quarterstaff of chaos
 j - a +0 glaive
 A - a +2 vampiric hand axe
Missiles
 d - 2 throwing nets
 n - 249 stones (quivered)
 F - 2 javelins
 H - 2 curare-tipped darts
 K - 5 atropa-tipped darts
 N - 28 poisoned darts
Armour
 b - a +0 leather armour
 c - a +0 helmet
 g - a +1 cloak (worn)
 k - a +0 pair of gloves
 p - a +0 ring mail of fire resistance
 t - a +1 kite shield (worn)
 v - a +2 helmet (worn)
 z - a +0 troll leather armour (worn)
Jewellery
 B - an amulet of reflection (around neck)
 D - a ring of protection from cold
Wands
 i - a wand of iceblast (11)
 y - a wand of acid (6)
 C - a wand of polymorph (12)
 L - a wand of paralysis (3)
Scrolls
 f - 2 scrolls of vulnerability
 r - 3 scrolls of teleportation
 E - a scroll of amnesia
 G - a scroll of holy word
 M - a scroll of fear
 O - 2 scrolls of identify
 P - a scroll of enchant armour
Potions
 h - 4 potions of curing
 l - a potion of invisibility
 m - 3 potions of lignification
 o - 3 potions of mutation
 q - 3 potions of ambrosia
 s - 2 potions of haste
 u - 2 potions of brilliance
 w - 3 potions of attraction
 x - 2 potions of heal wounds
 I - a potion of magic
 J - a potion of cancellation


   Skills:
 + Level 5.8 Fighting
 - Level 12.0 Polearms
 * Level 8.4 Throwing
 + Level 2.9 Armour
 + Level 9.2 Dodging
 + Level 5.1 Shields
 + Level 4.6 Invocations
 + Level 4.7 Evocations


You had 10 spell levels left.
You didn't know any spells.
Your spell library contained the following spells:

 Spells                   Type           Power      Damage    Failure   Level
 Foxfire                  Conj/Fire      0%         2x1d4     77%         1
 Confusing Touch          Hex            0%         N/A       98%         3
 Conjure Flame            Conj/Fire      0%         6-21      98%         3
 Gell's Gravitas          Tloc           0%         N/A       98%         3
 Inner Flame              Hex/Fire       0%         N/A       98%         3
 Lesser Beckoning         Tloc           0%         N/A       98%         3
 Teleport Other           Tloc           0%         N/A       98%         3
 Flame Wave               Conj/Fire      0%         2d4       100%        4
 Yara's Violent Unravell  Hex/Tmut       0%         3d3       100%        5
 Enfeeble                 Hex            0%         N/A       100%        7
 Summon Small Mammal      Summ           Unusable   N/A       N/A         1
 Call Canine Familiar     Summ           Unusable   N/A       N/A         3
 Summon Guardian Golem    Hex/Summ       Unusable   N/A       N/A         3

Dungeon Overview and Level Annotations

Branches:
Dungeon (10/15)            Temple (1/1) D:5            Lair (0/6) D:9
    Orc (0/2) D:9         Ossuary (visited)

Altars:
Ashenzari
Cheibriados
Dithmenos
Elyvilon
Fedhas
Gozag
Hepliaklqana
Kikubaaqudgha
Makhleb
Nemelex Xobeh
Okawaru
Qazlal
Ru
Sif Muna
Trog
Uskayaw
Vehumet
Wu Jian
Xom
Yredelemnul
Zin
The Shining One

Annotations:
D:10 Erica


Innate Abilities, Weirdness & Mutations

((You are very nimble when in or above water. (Stealth+, EV+, Speed+++)))
Your lower body shifts to a powerful aquatic tail in water.


Message History

Erica is moderately wounded.
Erica points at you and mumbles some strange words.
The bolt of poison hits you!!
You are poisoned.
You barely miss Erica.
Erica is moderately wounded.
You feel sick.
You closely miss Erica.
Erica is moderately wounded.
You feel sick.
Erica mumbles some strange words.
Erica flickers and vanishes!
Deactivating autopickup; reactivate with Ctrl-A.
You closely miss something.
You feel sick.
You hit something.
You feel sick. Something hits you! Something burns you.
You puncture something!
You feel sick.
You puncture something!
You feel sick. You block something's attack.
You puncture something!
You feel sick.
You miss something.
You feel sick.
You barely miss something.
You hear some strange, mumbled words.
A bolt of poison appears from out of thin air!
The bolt of poison hits you!!
You are more poisoned.
You closely miss something.
You feel very sick.
You barely miss something.
You feel sick. Something hits you!
* * * LOW HITPOINT WARNING * * *
Something burns you.
* * * LOW HITPOINT WARNING * * *
You miss something.
You feel sick.
You feel better.
You hear some strange, mumbled words.
You are confused.
You bump into the rock wall.
Something hits you!
* * * LOW HITPOINT WARNING * * *
Something burns you.
* * * LOW HITPOINT WARNING * * *
You bump into the rock wall.
Something hits you!
You die...

#......#
#......+.......
#......#....@..
#......#.......
#......#..>....
#......#.....
#......#...
#....)@#'#####
######+#...{.....#
.......#.........#
.......'.........#
.......#.........#
.......#.........#
.......#.........#
.......#.........#
#.######.........#
###


There were no monsters in sight!

Vanquished Creatures
  The ghost of Manslay the Conjurer, a novice OpCj (D:5)
  2 trolls
  Sigmund (D:3)
  10 yaks
  2 wyverns
  A vampire mosquito (D:9)
  2 steam dragons
  Menkaure (D:6)
  6 orc warriors
  A black bear (D:8)
  2 ice beasts
  6 ogres
  A sky beast (D:6)
  2 centaurs
  3 wolves
  5 kobold brigands
  6 bullfrogs
  A scorpion (D:3)
  2 gnoll sergeants (D:9)
  An electric eel (D:9)
  2 centaur zombies (Ossuary)
  A bullfrog zombie (D:6)
  3 human zombies (Ossuary)
  7 hounds
  2 jellies
  Crazy Yiuf (D:2)
  4 orc priests
  2 centaur skeletons (D:7)
  A bullfrog skeleton (D:5)
  An iguana (D:5)
  Natasha (thrice) (D:4)
  3 orc wizards
  3 killer bee zombies
  2 hound zombies (Ossuary)
  3 mummies (Ossuary)
  Robin (D:2)
  15 gnolls
  A howler monkey zombie (D:6)
  7 adders
  3 shadow imps
  4 adder zombies (Ossuary)
  An adder skeleton (D:4)
  2 worms
  A dart slug (D:1)
  24 orcs
  4 bats
  4 endoplasms
  3 giant cockroaches
  16 goblins
  6 hobgoblins
  2 jackals (D:1)
  3 quokkas
  5 ball pythons
  2 frilled lizards
  A gnoll zombie (Ossuary)
  4 goblin zombies (Ossuary)
  3 hobgoblin zombies (Ossuary)
  5 jackal zombies (Ossuary)
  17 kobolds
  A kobold zombie (Ossuary)
  4 orc zombies (Ossuary)
  4 quokka zombies (Ossuary)
  6 rats
  A rat zombie (Ossuary)
244 creatures vanquished.

Vanquished Creatures (others)
  2 kobold brigands
2 creatures vanquished.

Grand Total: 246 creatures vanquished

Notes
Turn   | Place    | Note
-------+----------+-------------------------------------------
     0 | D:1      | mcbry74 the Merfolk Gladiator began the quest for the Orb.
     0 | D:1      | Reached XP level 1. HP: 16/16 MP: 1/1
   507 | D:1      | Reached skill level 5 in Polearms
   584 | D:1      | Reached XP level 2. HP: 21/22 MP: 2/2
  1134 | D:2      | Reached skill level 6 in Polearms
  1134 | D:2      | Reached XP level 3. HP: 26/27 MP: 3/3
  1359 | D:2      | Found a runed translucent door.
  1360 | D:2      | Noticed Crazy Yiuf
  1392 | D:2      | Noticed Robin
  1837 | D:2      | Noticed an ogre
  2223 | D:2      | Reached XP level 4. HP: 25/33 MP: 4/4
  2224 | D:2      | Reached skill level 7 in Polearms
  2307 | D:2      | Found a faded altar of an unknown god.
  2484 | D:2      | Killed an ogre
  2485 | D:2      | Reached skill level 8 in Polearms
  2485 | D:2      | Reached XP level 5. HP: 38/38 MP: 5/5
  2544 | D:2      | Killed Robin
  2839 | D:3      | Reached skill level 9 in Polearms
  2839 | D:3      | Reached XP level 6. HP: 3/44 MP: 6/6
  2839 | D:3      | HP: 2/44 [poisoned by a scorpion]
  3120 | D:3      | Noticed Sigmund
  3496 | D:2      | Killed Crazy Yiuf
  3675 | D:3      | Found a bloodstained altar of Trog.
  4121 | D:3      | Killed Sigmund
  4122 | D:3      | Reached skill level 10 in Polearms
  4122 | D:3      | Reached skill level 1 in Shields
  4388 | D:4      | Reached XP level 7. HP: 50/50 MP: 7/7
  4423 | D:4      | Noticed Natasha
  4429 | D:4      | Killed Natasha
  4537 | D:4      | Noticed Natasha
  4545 | D:4      | Killed Natasha
  4709 | D:5      | Entered Level 5 of the Dungeon
  4849 | D:5      | Reached skill level 5 in Dodging
  4851 | D:5      | Found a runed translucent door.
  4855 | D:5      | Noticed Manslay's ghost (novice OpCj)
  4892 | D:5      | Killed Manslay's ghost
  4893 | D:5      | Reached skill level 11 in Polearms
  5025 | D:5      | Found a runed translucent door.
  5082 | D:5      | Reached XP level 8. HP: 46/56 MP: 8/8
  5971 | D:5      | Reached skill level 12 in Polearms
  6005 | D:5      | Found a staircase to the Ecumenical Temple.
  6013 | Temple   | Entered the Ecumenical Temple
  6080 | Temple   | Became a worshipper of Warmaster Okawaru
  6510 | D:4      | Noticed Natasha
  6513 | D:4      | Killed Natasha
  6943 | D:6      | Reached skill level 1 in Evocations
  7143 | D:6      | Noticed Menkaure
  7158 | D:6      | Killed Menkaure
  7256 | D:6      | Reached skill level 5 in Throwing
  7783 | D:7      | Reached XP level 9. HP: 63/63 MP: 9/9
  7789 | D:7      | Found a sand-covered staircase.
  7794 | Ossuary  | Entered an ossuary
  7905 | Ossuary  | Reached * piety under Okawaru
  8367 | D:7      | Reached skill level 1 in Invocations
  8688 | D:7      | Reached ** piety under Okawaru
  9376 | D:8      | Reached skill level 1 in Armour
  9897 | D:9      | Noticed a troll
  9916 | D:8      | Killed a troll
 10108 | D:8      | Reached XP level 10. HP: 73/73 MP: 10/12
 10136 | D:8      | Reached *** piety under Okawaru
 10380 | D:9      | Found a staircase to the Lair.
 10797 | D:8      | Reached **** piety under Okawaru
 10798 | D:8      | Reached skill level 5 in Fighting
 11179 | D:9      | Received a gift from Okawaru
 11521 | D:9      | Found a staircase to the Orcish Mines.
 11601 | D:9      | Reached XP level 11. HP: 43/80 MP: 3/14
 11612 | D:9      | Reached skill level 5 in Shields
 11876 | D:10     | Entered Level 10 of the Dungeon
 12047 | D:10     | Noticed Erica
 12072 | D:10     | Mangled by Erica

Illustrated notes

Levels and vault maps discovered:
D:1:      lightli_arrival_statue_moat, layout_basic
D:2:      layout_loops_ring, ebering_ecumenical_altar_abandoned,
          minmay_fountain_box, minmay_pentomino_x2, uniq_crazy_yiuf_cottage,
          uniq_robin
D:3:      layout_loops_corners, bloody_trog, minivault_26, minmay_statues_item,
          uniq_sigmund
D:4:      layout_rooms, uniq_natasha
D:5:      layout_basic, minmay_temple_entry_large_hall, ebering_ghost_sewer_f,
          chequers_serial_rivers_small_b
D:6:      layout_loops_ring, uniq_menkaure
D:7:      layout_rooms, enter_ossuary_2
D:8:      layout_loops_corners
D:9:      layout_gridville, erik_lair_island,
          kennysheep_orc_monster_closet_entryway
D:10:     layout_gridville, uniq_erica
Temple:   dpeg_three_leaves_temple

Skill      XL: |  1  2  3  4  5  6  7  8  9 10 11 |
---------------+----------------------------------+-----
Polearms       | 5 6 8 9 10 11 12 | 12.0
Shields        | 1 2 3 4 5 |  5.1
Dodging        | 5 7 8 9 |  9.2
Throwing       | 3 5 6 8 |  8.4
Evocations     | 1 3 4 |  4.7
Fighting       | 3 4 5 |  5.8
Invocations    | 2 4 |  4.6
Armour         | 1 2 |  2.9

Action                   |  1- 3 |  4- 6 |  7- 9 | 10-12 || total
-------------------------+-------+-------+-------+-------++-------
Melee: Trident           |   137 |    93 |   530 |   414 ||  1174
       Punch             |     5 |     1 |       |       ||     6
       Tailslap          |       |       |       |     4 ||     4
Throw: Stone             |    18 |    17 |    21 |     9 ||    65
       Throwing net      |     1 |     1 |     1 |       ||     3
       Boomerang         |       |       |    62 |       ||    62
Invok: Heroism           |       |       |     1 |     2 ||     3
       Finesse           |       |       |       |     4 ||     4
  Use: Potion            |       |     1 |       |     1 ||     2
       Scroll            |       |     9 |    14 |     2 ||    25
 Stab: Invisible         |       |     1 |       |       ||     1
       Sleeping          |       |       |     1 |       ||     1
Armor: Leather armour    |    22 |    12 |    71 |       ||   105
       Ring mail         |       |       |    23 |       ||    23
       Troll leather arm |       |       |     4 |    32 ||    36
Dodge: Dodged            |    70 |    34 |   154 |    89 ||   347
Block: Kite shield       |       |     6 |   193 |   173 ||   372
       Reflection        |       |       |     7 |    10 ||    17
